 Dungeon Crawl Stone Soup version 0.14-a0-3315-g09e681a (webtiles) character file.

271 4tharraofdagon the Firebug (level 5, -1/28 HPs)
             Began as a Deep Elf Fire Elementalist on Mar 15, 2014.
             Slain by playerghost's ghost (12 damage)
             ... on Level 5 of the Dungeon.
             The game lasted 00:05:18 (978 turns).

4tharraofdagon the Firebug (DEFE)                    Turns: 978, Time: 00:05:18

HP  -1/28        AC  2     Str  5      XL: 5   Next: 65%
MP  13/18        EV 13     Int 19 (21) God:
Gold 50          SH  0     Dex 15      Spells:  3 memorised,  4 levels left

rFire  . . .     SeeInvis .     d - +2 mace
rCold  . . .     Clarity  .     a - +0 robe
rNeg   . . .     Conserve .     (no shield)
rPois  .         rCorr    .     (no helmet)
rElec  .         rRot     .     (no cloak)
SustAb . .       Spirit   .     (no gloves)
rMut   .         Warding  .     (no boots)
Saprov . . .     Stasis   .     (no amulet)
MR     .....                    (no ring)
                                (no ring)

@: not resistant to hostile enchantments, fairly stealthy
A: no striking features
a: no special abilities


You were on level 5 of the Dungeon.
You were hungry.

You visited 1 branch of the dungeon, and saw 5 of its levels.

You collected 50 gold pieces.

Inventory:

Hand weapons
 d - a +2,+2 mace (weapon)
Armour
 a - a +0 robe (worn)
Comestibles
 c - a bread ration
 j - a choko
 l - a pear
Scrolls
 e - a scroll of teleportation {unknown}
 f - a scroll of magic mapping {unknown}
 g - 2 scrolls of identify {unknown}
 h - a scroll of enchant weapon II {unknown}
 i - 2 scrolls of remove curse {unknown}
 m - a scroll of noise {unknown}
Jewellery
 k - an uncursed amulet of resist corrosion {unknown}
Books
 b - a book of Flames

   Spells                             Type                      Level
   *Flame Tongue                      Conjuration/Fire             1
   Throw Flame                        Conjuration/Fire             2
   *Conjure Flame                     Conjuration/Fire             3
   Inner Flame                        Hexes/Fire                   3
   *Sticky Flame                      Conjuration/Fire             4
   Fireball                           Conjuration/Fire             5


   Skills:
 - Level 2.4 Dodging
 - Level 2.4 Stealth
 + Level 4.3 Spellcasting
 * Level 4.1 Conjurations
 * Level 5.0 Fire Magic


You had 4 spell levels left.
You knew the following spells:

 Your Spells              Type           Power        Failure   Level  Hunger
a - Flame Tongue          Conj/Fire      ###..        1%          1    None
b - Conjure Flame         Conj/Fire      ###.....     8%          3    ###....
c - Sticky Flame          Conj/Fire      ###.....     21%         4    ####...


Dungeon Overview and Level Annotations

Branches:
Dungeon (5/15)
 Temple: D:4-7

Altars:

Annotations:
D:5 Blork the orc; playerghost's ghost, experienced HOFi


Message History

The fire roars!
Casting: Conjure Flame
Confirm with . or Enter, or press ? or * to list all spells.
Aiming: Flame Tongue
Press: ? - help, Shift-Dir - straight line, f - playerghost's ghost
Aim: playerghost's ghost (flame)
The flame misses playerghost's ghost.
Playerghost's ghost is engulfed in roaring flames.
Playerghost's ghost closely misses you.
Casting: Flame Tongue
Confirm with . or Enter, or press ? or * to list all spells.
Aiming: Flame Tongue
Press: ? - help, Shift-Dir - straight line, f/p - playerghost's ghost
Aim: playerghost's ghost (flame, lightly damaged)
The flame hits playerghost's ghost.
Playerghost's ghost appears unharmed.
Playerghost's ghost is lightly damaged.
Playerghost's ghost is engulfed in roaring flames.
Playerghost's ghost whispers, "There is no future for you."
Playerghost's ghost hits you!
You die...

...... #............#..#.#
###.... #............#..#.#
....... +......p.....#.##.#
#......##.....####.#.#....#
.#............#.###.#.####.#
...........%.....).>.......#
......#.........###.#.####.#
... #####..##.# #.#... #.. .
##+#.@###.####.###
##.p......# # #####.##.#
.... # ...#.# <#..# # ##.$.
#...# #...#


You could see playerghost's ghost.

Vanquished Creatures
  An ogre (D:5)
  A scorpion (D:4)
  An iguana (D:5)
  An adder (D:2)
  A gnoll (D:1)
  A worm (D:2)
  An orc skeleton (D:5)
  A giant gecko (D:3)
  A ball python (D:3)
  4 giant cockroaches
  6 goblins
  8 hobgoblins
  6 bats
  3 giant newts
  5 kobolds
  2 rats (D:1)
43 creatures vanquished.

Notes
Turn   | Place    | Note
--------------------------------------------------------------
     0 | D:1      | 4tharraofdagon, the Deep Elf Fire Elementalist, began the quest for the Orb.
     0 | D:1      | Reached XP level 1. HP: 10/10 MP: 5/5
    83 | D:1      | Reached XP level 2. HP: 13/15 MP: 4/8
   314 | D:2      | Reached XP level 3. HP: 19/19 MP: 5/11
   319 | D:2      | Learned a level 3 spell: Conjure Flame
   363 | D:2      | Reached skill level 4 in Fire Magic
   629 | D:4      | Reached XP level 4. HP: 21/24 MP: 6/14
   733 | D:4      | Noticed a scorpion
   747 | D:4      | Killed a scorpion
   804 | D:5      | Entered Level 5 of the Dungeon
   835 | D:5      | Noticed Blork the orc
   860 | D:5      | Noticed an ogre
   878 | D:5      | Killed an ogre
   878 | D:5      | Reached XP level 5. HP: 10/28 MP: 7/18
   895 | D:5      | Learned a level 4 spell: Sticky Flame
   899 | D:5      | Reached skill level 5 in Fire Magic
   904 | D:5      | Noticed playerghost's ghost (experienced HOFi)
   978 | D:5      | Slain by playerghost's ghost

Action                   |  1- 3 |  4- 6 || total
-------------------------+-------+-------++-------
Melee: Mace              |    35 |     5 ||    40
 Cast: Flame Tongue      |    46 |    15 ||    61
       Conjure Flame     |       |     3 ||     3
       Sticky Flame      |       |     1 ||     1
  Use: Potion            |     3 |     1 ||     4
 Stab: Sleeping          |     4 |       ||     4
